 Dungeon Crawl Stone Soup version 0.13.0-21-ge43020b (webtiles) character file.

7578 Malachi the Basher (level 10, -4/92 HPs)
             Began as a Troll Berserker on Oct 26, 2013.
             Was a High Priest of Trog.
             Engulfed by a cloud of freezing vapour (7 damage)
             ... in an ice cave.
             The game lasted 00:18:45 (7220 turns).

Malachi the Basher (Troll Berserker)                Turns: 7220, Time: 00:18:45

HP  -4/92        AC  5     Str 31      XL: 10   Next: 85%
MP   3/3         EV 13     Int  5      God: Trog [*****.]
Gold 441         SH  0     Dex  9      Spells:  0 memorised,  9 levels left

Res.Fire  : x x .   See Invis. : .   k - +7,+9 great mace "Juyth" {crush, rPois Str+1}
Res.Cold  : + + .   Warding    : .   y - +0 elf robe (curse)
Life Prot.: . . .   Conserve   : .   (shield restricted)
Res.Poison: +       Res.Corr.  : .   (helmet restricted)
Res.Elec. : .       Clarity    : .   (no cloak)
Sust.Abil.: . .     Spirit.Shd : .   (gloves unavailable)
Res.Mut.  : .       Stasis     : .   (boots unavailable)
Res.Rott. : .       Flight     : .   v - amulet of faith
Gourmand  : +                        z - ring of ice
                                     e - ring of ice

@: exhausted, very slightly contaminated, hasted, very quick, somewhat resistant
to hostile enchantments, unstealthy
A: unfitting armour, claws 3, deterioration 1, fast metabolism 3, gourmand,
sense surroundings 1, regeneration 2, saprovore 2, tough skin 2, wild magic 1,
AC +1, Int +2
a: Burn Spellbooks, Berserk, Trog's Hand, Brothers in Arms, Renounce Religion


You were in an ice cave.
You worshipped Trog.
Trog was extremely pleased with you.
You were full.

You visited 2 branches of the dungeon, and saw 11 of its levels.
You also visited: Ice Cave.

You collected 421 gold pieces.

Inventory:

Hand weapons
 a - a +0,+1 mace
 k - the +7,+9 great mace "Juyth" (weapon) {crush, rPois Str+1}
   (Trog gifted it to you on level 6 of the Dungeon)

   It inflicts extra damage upon your enemies.
   It affects your strength (+1).
   It protects you from poison.
 J - a +3,+0 sling
Missiles
 g - 14 steel sling bullets
 l - 4 large rocks (quivered)
Armour
 b - a +0 animal skin
 y - a cursed +0 elven robe (worn)
Magical devices
 m - a wand of frost (10)
 p - a wand of fireball (7) {unknown}
 r - a wand of magic darts (17)
 s - a wand of enslavement (13)
 x - a wand of hasting (0)
 I - a wand of polymorph (11)
 N - a wand of paralysis (7) {unknown}
 O - a wand of polymorph (15)
 P - a wand of disintegration (13) {unknown}
Comestibles
 c - 7 meat rations
 o - 7 bread rations
 q - 2 apples
 u - a pear
 w - 3 chokos
 E - a lemon
 M - 8 grapes
Scrolls
 d - 5 scrolls of identify
 f - 3 scrolls of recharging {unknown}
 i - 6 scrolls of remove curse
 n - 4 scrolls of teleportation
 t - a scroll of vulnerability
 D - 2 scrolls of magic mapping
 G - 2 scrolls of amnesia
 T - a scroll of immolation {unknown}
Jewellery
 e - a ring of ice (left claw)
 v - an amulet of faith (around neck)
 z - a ring of ice (right claw)
 A - an uncursed ring of teleport control
 F - an uncursed amulet of guardian spirit
 H - an uncursed ring of poison resistance
 L - a +2 ring of dexterity
Potions
 j - a potion of curing
 B - a potion of agility
 C - a potion of restore abilities
 K - a potion of brilliance
Magical staves
 h - a cursed staff of poison


   Skills:
 - Level 2.4 Fighting
 * Level 11.8 Maces & Flails
 + Level 9.4 Dodging
 - Level 1.0 Stealth


You had 9 spell levels left.
You didn't know any spells.

Dungeon Overview and Level Annotations

Branches:
Dungeon (9/27)             Temple (0/1) D:7             Orc (0/4) D:6
   Lair (2/8) D:9

Altars:
Fedhas
Makhleb
Sif Muna

Shops:
D:6 [


Innate Abilities, Weirdness & Mutations

You are too large for most types of armour.
You have claws for hands.
Your metabolism is lightning-fast.
You like to eat raw meat.
You heal very quickly.
You can eat rotten meat.
You are covered in fur (AC +1).
You have very tough skin (AC +2).
Your mind is acute. (Int +2)
Your body is slowly deteriorating.
You passively map a small area around you.
Your spells are a little harder to cast, but a little more powerful.


Message History

The ufetubus dies!
The blue devil barely misses you.
You are engulfed in freezing vapours.
You resist.
* * * LOW HITPOINT WARNING * * *
The ufetubus is engulfed in freezing vapours.
The ufetubus dies!
You are engulfed in freezing vapours.
You resist.
* * * LOW HITPOINT WARNING * * *
You are engulfed in freezing vapours.
You resist.
* * * LOW HITPOINT WARNING * * *
Drink which item? (? for menu, Esc to quit)
Okay, then.
Evoke which item? (* to show all) (? for menu, Esc to quit)
Zapping:
x - a wand of hasting {zapped: 2}
Press: ? - help, Shift-Dir - straight line, f - you You feel yourself speed up.
You are very lightly contaminated with residual magic.
You are engulfed in freezing vapours.
You resist.
One of your 2 potions of curing freezes and shatters!
You die...

* #...## ≈ ##...## *
##...# ,,, * ##..# ,
≈*##..## * **#..## , ,*
* ≈####..####
###.#§...#.# *
###§§4@§.....#
####.§§§§§§§....## * *
#....§§§.§.......#
#.........#§§§§§§§...##
......#.###§§§§§.....#
#..###### ##.§......##
## , * #####...## ,
##### ,


You could see a blue devil.

Vanquished Creatures
  An ice devil (IceCv)
  2 ice statues (IceCv)
  Erolcha (D:9)
  Grinder (D:5)
  A wandering mushroom (D:9)
  A troll (D:8)
  The ghost of Raxtorm the Shield-Bearer, an average GrFi (D:3)
  A hippogriff (D:8)
  Menkaure (D:7)
  A black bear (D:8)
  2 phantoms
  A sky beast (D:6)
  2 centaurs
  4 ice beasts
  7 orc warriors
  A yellow wasp (D:9)
  An ogre (D:6)
  Sigmund (D:3)
  Duvessa (D:7)
  A giant slug (Lair:1)
  A gnoll sergeant (D:5)
  3 wargs (D:6)
  A water moccasin (Lair:1)
  4 giant frogs
  4 killer bees (D:7)
  A goliath beetle (D:9)
  Dowan (D:7)
  4 crimson imps
  2 jellies
  A centaur skeleton (D:7)
  An orc priest (D:7)
  A hound (D:7)
  A scorpion (D:5)
  7 orc wizards
  4 iguanas
  6 worker ants
  A sky beast zombie (D:5)
  Ijyb (D:3)
  Jessica (D:2)
  An ogre skeleton (D:6)
  Terence (D:3)
  3 gnolls (D:5)
  10 adders
  2 giant mites
  16 white imps
  4 worms
  7 ufetubi (IceCv)
  An iguana skeleton (D:7)
  2 giant eyeballs
  4 giant geckos
  29 orcs
  15 bats
  7 giant cockroaches
  10 goblins
  12 hobgoblins
  13 jackals
  4 quokkas
  3 ball pythons
  2 giant gecko skeletons
  5 giant newts
  A giant spore (D:8)
  A jackal zombie (D:6)
  12 kobolds
  An orc skeleton (D:5)
  A quokka zombie (D:5)
  16 rats
  A rat skeleton (D:4)
  3 ballistomycetes
  A fungus (D:9)
265 creatures vanquished.

Vanquished Creatures (others)
  2 white imps (IceCv)
  2 ufetubi (IceCv)
  A giant spore (D:3)
  A fungus (D:9)
6 creatures vanquished.

Grand Total: 271 creatures vanquished

Notes
Turn   | Place    | Note
--------------------------------------------------------------
     0 | D:1      | Malachi, the Troll Berserker, began the quest for the Orb.
     0 | D:1      | Reached XP level 1. HP: 23/23 MP: 0/0
   443 | D:1      | Reached XP level 2. HP: 31/31 MP: 0/0
   527 | D:1      | Reached skill level 3 in Maces & Flails
   935 | D:2      | Reached XP level 3. HP: 34/37 MP: 1/1
  1097 | D:2      | Acquired Trog's second power
  1213 | D:2      | Reached XP level 4. HP: 46/46 MP: 1/1
  1228 | D:2      | Noticed Jessica
  1236 | D:2      | Killed Jessica
  1617 | D:3      | Noticed Ijyb
  1629 | D:3      | Killed Ijyb
  1870 | D:3      | Noticed Terence
  1870 | D:3      | Noticed Raxtorm's ghost (average GrFi)
  1881 | D:3      | Killed Terence
  1881 | D:3      | Reached XP level 5. HP: 53/53 MP: 1/1
  1891 | D:3      | Killed Raxtorm's ghost
  1891 | D:3      | Reached skill level 4 in Maces & Flails
  1891 | D:3      | Reached XP level 6. HP: 61/61 MP: 2/2
  2029 | D:3      | Reached skill level 5 in Maces & Flails
  2029 | D:3      | Reached skill level 1 in Stealth
  2138 | D:3      | Noticed Sigmund
  2145 | D:3      | Killed Sigmund
  2145 | D:3      | Reached skill level 5 in Dodging
  2145 | D:3      | Reached XP level 7. HP: 35/68 MP: 2/2
  2429 | D:4      | Paralysed by a giant eyeball for 4 turns
  2435 | D:4      | Paralysed by a giant eyeball for 3 turns
  3164 | D:5      | Entered Level 5 of the Dungeon
  3173 | D:5      | Found a blossoming altar of Fedhas.
  3314 | D:5      | Acquired Trog's third power
  3398 | D:5      | Found a burning altar of Makhleb.
  3411 | D:5      | Found a deep blue altar of Sif Muna.
  3411 | D:5      | Found a blossoming altar of Fedhas.
  3424 | D:5      | Noticed Grinder
  3435 | D:5      | Killed Grinder
  3435 | D:5      | Reached skill level 6 in Maces & Flails
  3454 | D:5      | Reached XP level 8. HP: 15/76 MP: 2/2
  3999 | D:6      | Gained mutation: Your body is slowly deteriorating. [mutagenic meat]
  4003 | D:6      | Paralysed by a potion of paralysis for 6 turns
  4079 | D:6      | Reached skill level 7 in Maces & Flails
  4460 | D:6      | Found a staircase to the Orcish Mines.
  4500 | D:6      | Reached skill level 8 in Maces & Flails
  4526 | D:6      | Gained mutation: Your spells are a little harder to cast, but a little more powerful. [potion of mutation]
  4526 | D:6      | Gained mutation: You passively map a small area around you. [potion of mutation]
  4526 | D:6      | Gained mutation: Your mind is acute. (Int +2) [potion of mutation]
  4625 | D:6      | Reached XP level 9. HP: 58/83 MP: 3/3
  4796 | D:6      | Received a gift from Trog
  4799 | D:6      | Got a crystal great mace {god gift}
  4800 | D:6      | Identified the great mace "Juyth" {god gift, crush, rPois Str+1} (Trog gifted it to you on level 6 of the Dungeon)
  4831 | D:6      | Found Lussoxt's Armour Emporium.
  5459 | D:7      | Noticed Dowan
  5462 | D:7      | Noticed Duvessa
  5476 | D:7      | Killed Dowan
  5486 | D:7      | Killed Duvessa
  5639 | D:7      | Found a staircase to the Ecumenical Temple.
  5650 | D:7      | Reached skill level 9 in Maces & Flails
  5979 | D:7      | Noticed Menkaure
  5981 | D:7      | Killed Menkaure
  6428 | D:8      | Reached skill level 10 in Maces & Flails
  6428 | D:8      | Reached XP level 10. HP: 92/92 MP: 3/3
  6762 | D:9      | Noticed Erolcha
  6771 | D:9      | Killed Erolcha
  6787 | D:9      | Found a staircase to the Lair.
  6847 | D:9      | Received a gift from Trog
  6891 | Lair:1   | Entered Level 1 of the Lair of Beasts
  7008 | Lair:2   | Found a frozen archway.
  7011 | Lair:2   | Reached skill level 11 in Maces & Flails
  7055 | IceCv    | Entered an ice cave
  7096 | IceCv    | Noticed an ice statue
  7096 | IceCv    | Noticed an ice statue
  7103 | IceCv    | Killed an ice statue
  7188 | IceCv    | Killed an ice statue
  7202 | IceCv    | Noticed an ice devil
  7209 | IceCv    | Killed an ice devil
  7219 | IceCv    | HP: 3/92 [cloud of freezing vapour (6)]
  7220 | IceCv    | Engulfed by a cloud of freezing vapour

Action                   |  1- 3 |  4- 6 |  7- 9 | 10-12 || total
-------------------------+-------+-------+-------+-------++-------
Melee: Mace              |   110 |   100 |   365 |       ||   575
       Great mace        |       |       |   114 |   123 ||   237
       Unarmed           |       |       |     6 |       ||     6
Invok: Berserk           |     1 |     3 |     8 |     4 ||    16
Evoke: Wand              |       |     2 |     2 |     1 ||     5
  Use: Scroll            |       |     3 |    19 |       ||    22
       Potion            |       |       |    13 |     1 ||    14
 Stab: Sleeping          |       |       |     2 |     1 ||     3
